 Dungeon Crawl Stone Soup version 0.31-a0-256-g80acddb972 (webtiles) character file.

Game seed: 12786315845205144399

20553 Morbidden the Basher (level 12, -7/91 HPs)
             Began as a Demonspawn Fighter on July 13, 2023.
             Was a High Priest of Cheibriados.
             Mangled by a catoblepas (13 damage)
             ... while petrified by a catoblepas
             ... on level 2 of the Lair of Beasts.
             The game lasted 00:15:03 (11951 turns).

Morbidden the Basher (Demonspawn Fighter)          Turns: 11951, Time: 00:15:04

Health: -7/91      AC: 19    Str: 34    XL:     12   Next: 46%
Magic:  19/19      EV:  2    Int: 24    God:    Cheibriados [*****.]
Gold:   598        SH:  0    Dex: 30    Spells: 21/21 levels left

rFire   . . .        a - +12 hammer of Witil {pain, Drain Will+ Dex+5}
rCold   + . .        I - +0 kite shield
rNeg    + + +        E - +0 plate armour
rPois   ∞            f - melded +0 helmet
rElec   +            s - melded +2 cloak {Stlth+}
rCorr   .            (gloves currently unavailable)
SInv    .            n - melded +0 pair of boots
Will    +....        L - amulet "Exob Fea" {Faith rElec rPois rC+} Stlth
                     m - +5 ring of evasion
HPRegen 0.35/turn    r - +4 ring of protection
MPRegen 0.16/turn

%: faith
@: beast-form, petrified, very slow
A: beast (slay +3), powered by death 1, sharp scales 2, demonic magic 2,
weakness stinger 2
a: Renounce Religion, Bend Time, Temporal Distortion, Slouch, Step From Time


You were on level 2 of the Lair of Beasts.
You worshipped Cheibriados.
Cheibriados was extremely pleased with you.
You were a hulking beast.
You visited 3 branches of the dungeon, and saw 14 of its levels.

You collected 598 gold pieces.

Inventory:

Hand Weapons
 a - the +12 hammer of Witil (weapon) {pain, Drain Will+ Dex+5}
   (You found it on level 2 of the Dungeon)

   Dex:       It affects your dexterity (+5).
   Drain:     It drains your maximum health when unequipped.
   Will:      It increases your willpower.
 q - a +1 war axe of protection
Missiles
 i - 101 stones
 j - 44 poisoned darts (quivered)
 x - 5 boomerangs
 T - 3 throwing nets
Armour
 f - a +0 helmet (melded)
 n - a +0 pair of boots (melded)
 s - a +2 cloak of stealth (melded)
 E - a +0 plate armour (worn)
 I - a +0 kite shield (worn)
Jewellery
 c - an amulet of guardian spirit
 m - a +5 ring of evasion (left hand)
 r - a +4 ring of protection (right hand)
 J - the ring of Lozaucoh {Fire rElec}
   (You took it off a tengu warrior on level 9 of the Dungeon)

   [ring of fire]

   It enhances your fire magic.
   rF:        It protects you from fire.
   rC:        It makes you vulnerable to cold.
   rElec:     It insulates you from electricity.
 L - the amulet "Exob Fea" (around neck) {Faith rElec rPois rC+}
   (You took it off a centaur warrior on level 9 of the Dungeon)

   [amulet of faith]

   It allows you to gain divine favour quickly.
   rC:        It protects you from cold.
   rElec:     It insulates you from electricity.
   rPois:     It protects you from poison.
 M - the ring of Faun {Wiz Will+}
   (You found it on level 9 of the Dungeon)

   [ring of wizardry]

   It improves your spell success rate.
   Will:      It increases your willpower.
 V - an amulet of magic regeneration
Talismans
 b - a serpent talisman
 l - a blade talisman
 u - a beast talisman
Wands
 o - a wand of flame (21)
 v - a wand of mindburst (3)
 H - a wand of charming (24)
 R - a wand of roots (9)
Scrolls
 e - 3 scrolls of vulnerability
 g - 6 scrolls of teleportation
 t - 3 scrolls of brand weapon
 y - 4 scrolls of fog
 z - a scroll of noise
 A - 2 scrolls of immolation
 C - 3 scrolls of identify
 G - 3 scrolls of revelation
 K - a scroll of blinking
 P - a scroll of amnesia
 S - a scroll of enchant weapon
Potions
 d - a potion of might
 h - a potion of enlightenment
 k - 3 potions of invisibility
 p - 3 potions of curing
 w - a potion of ambrosia
 B - 2 potions of lignification
 D - a potion of brilliance
 F - 3 potions of degeneration
 N - 2 potions of mutation
 O - 2 potions of heal wounds
 Q - a potion of magic {unknown}


   Skills:
 * Level 7.6 Fighting
 + Level 2.5(6.0) Axes
 * Level 8.5(8.7) Maces & Flails
 * Level 5.1 Throwing
 + Level 7.4 Armour
 * Level 5.1 Dodging
 + Level 0.7 Stealth
 + Level 4.6 Shields
 * Level 5.2 Unarmed Combat
 * Level 5.2 Spellcasting
 * Level 6.3 Necromancy
 * Level 4.4 Invocations
 + Level 0.9 Evocations
 * Level 4.8 Shapeshifting


You had 21 spell levels left.
You didn't know any spells.
Your spell library contained the following spells:

 Spells                   Type           Power      Damage    Failure   Level
 Shock                    Conj/Air       24%        1d4       69%         1
 Summon Small Mammal      Summ           24%        N/A       69%         1
 Blink                    Tloc           12%        N/A       83%         2
 Ensorcelled Hibernation  Hex/Ice        12%        N/A       83%         2
 Passwall                 Tmut/Erth      5%         N/A       83%         2
 Agony                    Necr           36%        N/A       90%         5
 Anguish                  Hex/Necr       10%        N/A       95%         4
 Call Canine Familiar     Summ           6%         N/A       96%         3
 Dazzling Flash           Conj/Hex       12%        N/A       96%         3
 Summon Guardian Golem    Hex/Summ       6%         N/A       96%         3
 Swiftness                Air            6%         N/A       96%         3
 Airstrike                Air            3%         2d(1-17)  100%        4
 Cause Fear               Hex            3%         N/A       100%        4
 Manifold Assault         Tloc           6%         N/A       100%        4
 Silence                  Hex/Air        3%         N/A       100%        5
 Enfeeble                 Hex            3%         N/A       100%        7


Dungeon Overview and Level Annotations

Branches:
Dungeon (11/15)            Temple (1/1) D:6            Lair (2/5) D:11
 Spider (0/4) Lair:2          Orc (0/2) D:11
  Swamp: Lair:2-3    Shoals: Lair:2-3

Altars:
Ashenzari
Cheibriados
Dithmenos
Fedhas
Gozag
Hepliaklqana
Kikubaaqudgha
Makhleb
Nemelex Xobeh
Okawaru
Qazlal
Ru
Sif Muna
Trog
Uskayaw
Vehumet
Wu Jian
Xom
Yredelemnul

Shops:
D:5 [   D:11 **

Annotations:
D:4 exclusion: oklob plant


Innate Abilities, Weirdness & Mutations

You are a hulking beast.
Your limbs bulge with bestial killing power. (Slay +3)
You are immune to poison.
You regenerate a little health from kills.
You are mostly covered in razor-sharp scales. (AC +2, Slay +2)
Spells you cast may paralyse nearby enemies.
You have a tail ending in a sharp stinger.


Message History

The yak gores you but does no damage.
The bullfrog hits you but does no damage.
The bullfrog hits you. The catoblepas gores you!! The yak gores you!
* * * LOW HITPOINT WARNING * * *
The yak gores you but does no damage.
The bullfrog hits you but does no damage.
The catoblepas gores you.
The yak gores you but does no damage. x2
The bullfrog barely misses you.
The bullfrog hits you but does no damage.
The catoblepas breathes a plume of calcifying dust at you.
The blast of calcifying dust hits you!
* * * LOW HITPOINT WARNING * * *
The yak gores you but does no damage. x2
You are engulfed in calcifying dust.
The bullfrog hits you.
* * * LOW HITPOINT WARNING * * *
The catoblepas breathes a plume of calcifying dust at you.
The blast of calcifying dust hits you but does no damage.
The yak gores you but does no damage. x2
The bullfrog hits you but does no damage.
You are engulfed in calcifying dust.
The bullfrog hits you but does no damage.
A yak comes into view.
The yak gores you. x2
* * * LOW HITPOINT WARNING * * *
The catoblepas gores you but does no damage.
You are engulfed in calcifying dust.
The sentinel's mark upon you fades away.
The bullfrog hits you but does no damage.
A yak comes into view.
The catoblepas gores you!
* * * LOW HITPOINT WARNING * * *
The yak gores you!
* * * LOW HITPOINT WARNING * * *
The yak gores you!
* * * LOW HITPOINT WARNING * * *
The bullfrog hits you but does no damage.
You are engulfed in calcifying dust.
The bullfrog hits you but does no damage.
The catoblepas gores you!!
You die...

#......# #.[....#
#+......## ..P.....#
#......# #.#....## # .
#...FY.#.... ..
#.§hY.....( ..
#...Y...... .#
##..)......( > .#
###........... ...# #^
###.............
...^^#.##^.#P..###...Y..
...^#^....##.P.# #.....
.... ..^##^#..##.^..#
#...Y. ...####
..^#.^.>#......## .. ..
......


You could see a catoblepas, 4 yaks and a bullfrog.

Vanquished Creatures
  Harold (Lair:1)
  2 centaur warriors (D:9)
  2 boulder beetles (D:9)
  A tengu warrior (D:9)
  3 two-headed ogres
  Pikel (D:4)
  3 ugly things
  A deep elf pyromancer (D:9)
  A cyclops (D:9)
  4 cane toads
  A rime drake (Lair:2)
  3 komodo dragons
  A troll (D:10)
  2 hornets
  3 blink frogs (Lair:1)
  Prince Ribbit (D:9)
  A slime creature (D:9)
  A jumping spider (Lair:2)
  A shadow (D:11)
  Sigmund (D:4)
  A vampire (D:9)
  Grum (D:8)
  7 yaks
  2 wraiths (D:11)
  2 steam dragons
  4 vampire mosquitoes (D:11)
  7 water moccasins
  An acid dragon (D:10)
  5 orc warriors
  3 ice beasts
  2 black bears (Lair:2)
  3 ogres
  9 wolves
  5 centaurs
  2 lemures (D:4)
  7 bullfrogs
  3 kobold brigands
  3 gnoll sergeants
  4 scorpions
  4 wights (D:9)
  5 killer bees
  6 howler monkeys
  2 hounds
  A jelly (D:5)
  Crazy Yiuf (D:2)
  9 orc priests
  2 gnoll boudas
  Terence (D:3)
  A sleepcap (D:7)
  2 iguanas
  18 orc wizards
  Natasha (thrice) (D:3)
  Robin (D:4)
  10 adders
  21 gnolls
  2 white imps
  2 worms
  2 dart slugs
  22 orcs
  6 endoplasms
  2 giant cockroaches
  12 goblins
  3 hobgoblins
  19 kobolds
  3 quokkas
  6 ball pythons
  3 bats (D:1)
  2 frilled lizards
  4 rats (D:1)
280 creatures vanquished.

Notes
Turn   | Place    | Note
-------+----------+-------------------------------------------
     0 | D:1      | Morbidden the Demonspawn Fighter began the quest for the
                  | Orb.
     0 | D:1      | Reached XP level 1. HP: 18/18 MP: 1/1
   175 | D:1      | Gained mutation: You are partially covered in razor-sharp
                  | scales. (AC +1, Slay +1) [demonic ancestry]
   175 | D:1      | Reached XP level 2. HP: 24/24 MP: 2/2
   889 | D:2      | Reached XP level 3. HP: 17/29 MP: 3/3
   905 | D:2      | Found a runed translucent door.
   905 | D:2      | Identified the +12 hammer of Witil {pain, Drain Will+
                  | Dex+5}
   954 | D:2      | Noticed Crazy Yiuf
   961 | D:2      | Killed Crazy Yiuf
  1568 | D:2      | Reached skill level 1 in Spellcasting
  1568 | D:2      | Gained mutation: You are mostly covered in razor-sharp
                  | scales. (AC +2, Slay +2) [demonic ancestry]
  1568 | D:2      | Reached XP level 4. HP: 35/35 MP: 3/5
  1645 | D:2      | Reached skill level 1 in Dodging
  1665 | D:2      | Found a faded altar of an unknown god.
  1777 | D:3      | Noticed Natasha
  1785 | D:3      | Killed Natasha
  1935 | D:3      | Noticed Natasha
  1937 | D:3      | Gained mutation: You have a small tail. [demonic ancestry]
  1937 | D:3      | Reached XP level 5. HP: 41/41 MP: 6/6
  1943 | D:3      | Killed Natasha
  1970 | D:3      | Noticed Natasha
  1973 | D:3      | Killed Natasha
  1974 | D:3      | Reached skill level 1 in Necromancy
  2056 | D:3      | You fall into a shaft and drop 2 floors!
  2056 | D:5      | Entered Level 5 of the Dungeon
  2094 | D:5      | Noticed an ogre
  2116 | D:5      | Reached XP level 6. HP: 31/47 MP: 8/8
  2126 | D:5      | Reached skill level 1 in Maces & Flails
  2126 | D:5      | Reached skill level 1 in Unarmed Combat
  2241 | D:5      | HP: 1/47 [orc/+0 dagger (3)]
  2246 | D:5      | HP: 1/72 [something (2)]
  2273 | D:5      | Reached XP level 7. HP: 16/53 MP: 8/10
  2376 | D:5      | Reached skill level 1 in Throwing
  2394 | D:5      | Reached skill level 1 in Shapeshifting
  2463 | D:5      | Reached skill level 2 in Maces & Flails
  2826 | D:5      | Found Galoisun's Antique Armour Emporium.
  3243 | D:4      | Noticed Robin
  3257 | D:4      | Killed Robin
  3307 | D:4      | Noticed Pikel
  3325 | D:4      | Killed Pikel
  3326 | D:4      | Reached skill level 3 in Maces & Flails
  3326 | D:4      | Gained mutation: You have a tail ending in a sharp stinger.
                  | [demonic ancestry]
  3326 | D:4      | Reached XP level 8. HP: 18/60 MP: 10/12
  3529 | D:4      | Found a blossoming altar of Fedhas.
  3559 | D:4      | Noticed an oklob plant
  3601 | D:4      | Noticed Sigmund
  3608 | D:4      | Killed Sigmund
  3609 | D:4      | Reached skill level 4 in Maces & Flails
  3609 | D:4      | Reached skill level 5 in Armour
  3636 | D:4      | Found a hide-covered altar of Uskayaw.
  3975 | D:3      | Noticed Terence
  3982 | D:3      | Killed Terence
  4098 | D:3      | Identified the +7 short sword of Acseplimn {heavy, rC++
                  | Int+3 Dex+3}
  4999 | D:6      | Gained mutation: Spells you cast may paralyse adjacent
                  | enemies. [demonic ancestry]
  4999 | D:6      | Reached XP level 9. HP: 58/66 MP: 13/13
  5293 | D:6      | Found a staircase to the Ecumenical Temple.
  5296 | D:6      | Reached skill level 5 in Maces & Flails
  5397 | Temple   | Entered the Ecumenical Temple
  6304 | D:7      | Found a shimmering altar of Xom.
  6309 | D:7      | Noticed a two-headed ogre
  6318 | D:7      | Killed a two-headed ogre
  6319 | D:7      | Reached skill level 5 in Fighting
  6319 | D:7      | Reached skill level 6 in Maces & Flails
  6446 | D:7      | Found a shimmering altar of Xom.
  6557 | D:7      | Found a shimmering altar of Xom.
  6690 | D:7      | Found a snail-covered altar of Cheibriados.
  6850 | D:7      | Became a worshipper of Cheibriados the Contemplative
  7220 | D:8      | Gained mutation: You regenerate a little health from kills.
                  | [demonic ancestry]
  7220 | D:8      | Reached XP level 10. HP: 74/74 MP: 15/15
  7227 | D:8      | Noticed Grum
  7239 | D:8      | Killed Grum
  7906 | D:9      | Noticed Prince Ribbit
  7913 | D:9      | Reached * piety under Cheibriados
  7919 | D:9      | Killed Prince Ribbit
  7944 | D:9      | HP: 3/74 [orc priest/divine providence (13)]
  7945 | D:9      | HP: 1/74 [something (2)]
  7954 | D:9      | Reached skill level 1 in Invocations
  8340 | D:9      | Noticed a two-headed ogre
  8347 | D:9      | Killed a two-headed ogre
  8421 | D:9      | Noticed a deep elf pyromancer
  8421 | D:9      | Noticed a boulder beetle
  8440 | D:9      | Killed a boulder beetle
  8441 | D:9      | Reached skill level 7 in Maces & Flails
  8441 | D:9      | Killed a deep elf pyromancer
  8624 | D:9      | Noticed a boulder beetle
  8625 | D:9      | Noticed a centaur warrior
  8630 | D:9      | Noticed a green ugly thing
  8634 | D:9      | Noticed a white ugly thing
  8635 | D:9      | Identified the amulet "Exob Fea" {Faith rElec rPois rC+}
  8635 | D:9      | Noticed a centaur warrior
  8637 | D:9      | Identified the ring of Lozaucoh {Fire rElec}
  8637 | D:9      | Noticed a tengu warrior
  8639 | D:9      | Killed a centaur warrior
  8639 | D:9      | Reached ** piety under Cheibriados
  8640 | D:9      | Gained mutation: Spells you cast may paralyse nearby
                  | enemies. [demonic ancestry]
  8640 | D:9      | Reached XP level 11. HP: 74/81 MP: 17/17
  8641 | D:9      | Killed a boulder beetle
  8642 | D:9      | Reached skill level 5 in Necromancy
  8647 | D:9      | Killed a green ugly thing
  8656 | D:9      | Killed a centaur warrior
  8662 | D:9      | Killed a white ugly thing
  8859 | D:9      | Killed a tengu warrior
  9006 | D:9      | Identified the ring of Faun {Wiz Will+}
  9024 | D:9      | Identified the ring of New Discoveries {rCorr Int-4 Dex+7}
  9181 | D:9      | Found an opulent altar of Gozag.
  9544 | D:10     | Entered Level 10 of the Dungeon
  9638 | D:10     | Reached *** piety under Cheibriados
  9968 | D:10     | Reached skill level 8 in Maces & Flails
 10339 | D:10     | Found an iron altar of Okawaru.
 10339 | D:10     | Found a shadowy altar of Dithmenos.
 10516 | D:11     | Found Qul Ekk's Distillery.
 10525 | D:11     | Reached **** piety under Cheibriados
 10551 | D:11     | Identified the +7 dagger "Ogreslayer" {flame, rN+ rCorr
                  | Dex+2}
 10561 | D:11     | Found a staircase to the Lair.
 10625 | D:11     | Identified the +5 chain mail "Seryxzuotu" {rN+}
 10647 | D:11     | Noticed a two-headed ogre
 10650 | D:11     | Killed a two-headed ogre
 10745 | D:11     | Reached XP level 12. HP: 91/91 MP: 19/19
 10884 | D:11     | Found Foclag's General Store.
 10886 | D:11     | Found Niamo's Specific Store.
 10890 | D:11     | Identified the +0 leather armour of Zaorph Cunu {rCorr
                  | Str+4 Int+5}
 10929 | D:11     | Found a staircase to the Orcish Mines.
 11058 | Lair:1   | Entered Level 1 of the Lair of Beasts
 11261 | Lair:1   | Reached ***** piety under Cheibriados
 11300 | Lair:1   | Reached skill level 5 in Spellcasting
 11326 | Lair:1   | Reached skill level 5 in Unarmed Combat
 11374 | Lair:1   | Noticed Harold
 11386 | Lair:1   | Killed Harold
 11387 | Lair:1   | Reached skill level 5 in Throwing
 11404 | Lair:1   | Reached skill level 5 in Dodging
 11687 | Lair:2   | Noticed a catoblepas
 11807 | Lair:2   | Identified the +12 dagger of Barnacled Duty {venom, rElec
                  | rCorr Dex-3}
 11842 | Lair:2   | Found a hole to the Spider Nest.
 11951 | Lair:2   | Mangled by a catoblepas

Illustrated notes

Levels and vault maps discovered:
D:1:      ncdulo_halloftheorcs, layout_basic
D:2:      layout_basic, shapermc_ecumenical_altar_mp_urbaneastern,
          kennysheep_generic_room_14, uniq_crazy_yiuf_cottage
D:3:      layout_basic, uniq_terence, uniq_natasha
D:4:      layout_loops_ring, tgw_fedhas, nicolae_uskayaw_suspiria, uniq_pikel,
          uniq_sigmund, uniq_robin
D:5:      layout_cave_pools, serial_shops, nicolae_lakefront_shop
D:6:      layout_basic, minmay_temple_entry_statues, lemuel_flamethrower_2
D:7:      layout_basic, lemuel_round_altar, xom_redecorated
D:8:      layout_loops_ring, uniq_grum
D:9:      minmay_the_grid_triangle_9x9_rhombus_full
          [minmay_the_grid_triangle_9x9_semitri,
          minmay_the_grid_triangle_9x9_shrine,
          minmay_the_grid_triangle_9x9_sparse_checkered,
          minmay_the_grid_triangle_9x9_descending_squares,
          minmay_the_grid_triangle_9x9_pentomino_pain,
          minmay_the_grid_triangle_9x9_corruption,
          minmay_the_grid_triangle_9x9_warning,
          minmay_the_grid_triangle_9x9_prize_special], layout_basic,
          grunt_gozag_breadcrumbs, uniq_prince_ribbit1
D:10:     layout_stronghold, gammafunk_temple_overflow_claw,
          hellmonk_bongcloud_opening
D:11:     layout_cave_pools, david_lair_shrubbed, orc_0_dummy, serial_shops,
          nicolae_shop_industrial_runoff, nicolae_specific_store
Temple:   eino_temple_lava
Lair:1:   layout_long_grid, uniq_harold
Lair:2:   layout_chaotic_city, elwin_shoals_entry_rooms,
          spider_nest_entry_rubble, lemuel_fruit_tree,
          infiniplex_staircase_pool, serial_bayou_shore_b

Skill      XL: |  1  2  3  4  5  6  7  8  9 10 11 12 |
---------------+-------------------------------------+-----
Axes           | 2 |  2.5
Armour         | 3 4 5 6 7 |  7.4
Shields        | 3 4 |  4.6
Spellcasting   | 1 2 3 4 5 |  5.2
Dodging        | 1 2 3 4 5 |  5.1
Necromancy     | 1 2 3 4 5 6 |  6.3
Maces & Flails | 1 3 4 6 7 8 |  8.5
Unarmed Combat | 1 2 3 4 5 |  5.2
Throwing       | 2 3 4 5 |  5.1
Shapeshifting  | 1 2 3 4 |  4.8
Fighting       | 4 5 6 7 |  7.6
Invocations    | 2 3 4 |  4.4
Stealth        | |  0.7
Evocations     | |  0.9

Action                     |  1- 3 |  4- 6 |  7- 9 | 10-12 || total
---------------------------+-------+-------+-------+-------++-------
  Melee: War axe           |    66 |       |       |       ||    66
         Mace              |     9 |    56 |   219 |   362 ||   646
         Tailslap          |       |     6 |    29 |    59 ||    94
  Throw: Stone             |       |    12 |     5 |       ||    17
         Dart              |       |     6 |     3 |    31 ||    40
  Evoke: Wand              |       |       |       |     5 ||     5
    Use: Scroll            |       |     2 |     8 |     5 ||    15
         Potion            |       |     7 |       |     3 ||    10
   Stab: Sleeping          |     1 |       |     1 |       ||     2
         Invisible         |       |     1 |       |       ||     1
 Armour: Scale mail        |    32 |    37 |    61 |       ||   130
         Skin              |       |     1 |     1 |       ||     2
         Plate armour      |       |       |    26 |   248 ||   274
  Dodge: Dodged            |    24 |    33 |   159 |   276 ||   492
  Block: Buckler           |    17 |    20 |    69 |    76 ||   182
         Kite shield       |       |       |       |   141 ||   141
   Form: Beast             |       |       |     1 |       ||     1

Table legend: (Time is in decaauts)
 A = Elapsed time spent in this place.
 B = Non-inter-level travel time spent in this place.
 C = Inter-level travel time spent in this place.
 D = Time resting spent in this place.
 E = Time spent auto-exploring this place.
 F = Levels seen in this place.
 G = Mean time per level.
                   A        B        C        D        E       F      G
               +--------+--------+--------+--------+--------+-----+--------+
         Total |  13856 |  13116 |    740 |   1241 |   9877 |  14 |  989.7 |
       Dungeon |  12475 |  11822 |    653 |   1241 |   8832 |  11 | 1134.1 |
        Temple |     68 |     60 |      8 |      0 |     47 |   1 |   68.0 |
          Lair |   1312 |   1234 |     78 |      0 |    998 |   2 |  656.0 |
               +--------+--------+--------+--------+--------+-----+--------+

Top non-repeatable levels by time:
     D:9: 2217 daAuts
    D:10: 1354 daAuts
     D:2: 1216 daAuts
     D:6: 1184 daAuts
     D:3: 1163 daAuts
     D:7: 1108 daAuts
     D:5: 1009 daAuts
     D:4: 997 daAuts
  Lair:1: 990 daAuts
    D:11: 899 daAuts
     D:8: 809 daAuts
     D:1: 515 daAuts
  Lair:2: 322 daAuts
  Temple: 68 daAuts
